Map: Site Delta LE

Players

demzi - Winner!

  • Race: Zerg Zerg
  • League: Diamond
  • Spawn Location: 5:00

Cocotte

  • Race: Terran Terran
  • League: Master
  • Spawn Location: 11:00

VOD

Have the link to the VOD?

Description

Time

  • Played on: March 24, 2024, 2:46 p.m.
  • Length: 25:42
Show
View Real Time Build Order
Export as new Build Order

demzi Zerg - Winner!

Build Orders: Hatch First, Swarm Host 

Get SALT Encoding   

  12  0:00  Drone  
  13  0:12  Overlord  
  13  0:16  Drone  
  14  0:31  Drone x2  
  16  0:50  Hatchery  
  16  0:52  Drone  
  16  0:55  Drone  
  17  0:59  Drone  
  18  1:08  Extractor  
  17  1:15  Spawning Pool  
  16  1:18  Drone  
  16  1:21  Drone  
  18  1:28  Drone  
  19  1:39  Drone  
  20  1:52  Overlord  
  20  2:03  Queen x2  
  20  2:04  Zergling x4  
  26  2:14  Spine Crawler  
  25  2:15  Zergling x2  
  25  2:17  Zergling x2  
  27  2:30  Drone, Roach Warren  
  27  2:49  Overlord  
  27  3:10  Roach  
  27  3:11  Roach x5  
  39  3:23  Zergling x2, Roach x2  
  44  3:28  Overlord  
  44  3:35  Overlord  
  42  4:21  Hatchery  
  42  4:22  Overlord  
  32  4:59  Hatchery  
  31  5:08  Drone  
  31  5:09  Drone x2  
  31  5:11  Lair  
  31  5:13  Drone, Extractor  
  34  5:14  Drone x3  
  37  5:25  Overlord  
  37  5:49  Drone x6  
  45  5:50  Drone x2  
  45  5:53  Queen  
  47  6:05  Overlord  
  47  6:07  Drone x2  
  49  6:19  Queen  
  49  6:22  Drone x4  
  49  6:25  Drone  
  56  6:27  Drone  
  57  6:43  Hydralisk Den  
  56  6:51  Drone x2  
  56  6:52  Drone x8  
  66  6:54  Drone  
  66  6:55  Drone  
  66  6:58  Drone  
  69  7:08  Spore Crawler  
  68  7:10  Spore Crawler  
  68  7:12  Spore Crawler  
  66  7:16  Extractor  
  66  7:17  Drone x3  
  66  7:18  Drone x3  
  66  7:19  Extractor  
  66  7:20  Drone  
  66  7:21  Drone  
  66  7:22  Drone  
  73  7:32  Grooved Spines  
  73  7:34  Baneling Nest  
  72  7:38  Zergling x2  
  72  7:39  Zergling x14  
  80  7:46  Drone x2  
  80  7:48  Overlord x3  
  80  7:50  Overlord  
  82  8:01  Extractor  
  82  8:02  Extractor  
  80  8:07  Hydralisk  
  80  8:08  Hydralisk x5  
  91  8:14  Drone x2  
  91  8:16  Drone x2  
  91  8:17  Drone  
  91  8:18  Drone x3  
  99  8:25  Ravager  
  99  8:26  Ravager x3  
  103  8:34  Muscular Augments  
  103  8:44  Hydralisk x5  
  103  8:47  Overlord x4  
  107  9:04  Hatchery  
  107  9:08  Overseer  
  106  9:10  Overseer  
  106  9:25  Hydralisk x3  
  106  9:26  Hydralisk x2  
  106  9:27  Roach x7  
  106  9:29  Zergling x2  
  106  9:30  Zergling x2  
  132  9:31  Zergling x2  
  132  9:32  Zergling x2  
  132  9:34  Zergling x2  
  132  9:35  Zergling x2  
  132  9:37  Spire  
  135  9:50  Drone x2  
  135  9:51  Drone  
  138  10:00  Overlord x5  
  138  10:08  Overseer  
  133  10:38  Drone  
  133  10:39  Drone x15  
  133  10:40  Drone, Infestation Pit  
  133  10:41  Queen  
  151  10:52  Mutalisk  
  151  10:53  Mutalisk x7  
  151  10:54  Mutalisk  
  169  11:10  Extractor  
  168  11:11  Drone x2  
  168  11:12  Drone x3  
  168  11:13  Drone, Extractor  
  173  11:37  Swarm Host x2  
  173  11:38  Swarm Host x4  
  191  11:45  Burrow, Overlord x3  
  140  12:40  Hydralisk x2  
  140  12:41  Roach  
  140  12:42  Zergling x2, Roach x15  
  140  12:43  Zergling x20  
  156  12:57  Mutalisk x5  
  158  13:23  Swarm Host x2  
  158  13:24  Swarm Host x6  
  160  13:49  Zergling x2  
  160  13:50  Zergling x46  
  176  14:02  Drone x3  
  175  14:16  Ravager  
  173  14:18  Ravager  
  173  14:19  Ravager  
  154  14:26  Roach x3  
  154  14:27  Roach x9  
  167  14:33  Queen  
  167  14:34  Queen  
  171  14:39  Roach  
  171  14:40  Roach x12  
  197  14:55  Ravager x2  
  193  15:20  Zergling x2  
  193  15:21  Zergling x24  
  162  15:38  Roach  
  162  15:39  Roach x3  
  162  15:42  Queen  
  172  15:46  Hatchery  
  171  15:59  Hatchery  
  171  16:01  Ravager  
  171  16:06  Glial Reconstitution  
  167  16:27  Roach x9  
  167  16:28  Roach x7  
  199  16:51  Hatchery  
  134  17:12  Zergling x2, Roach  
  134  17:13  Zergling x24  
  104  17:25  Tunneling Claws  
  104  17:30  Mutalisk x3  
  104  17:31  Mutalisk x4  
  118  17:46  Queen  
  118  17:48  Drone x3  
  118  17:49  Drone x5  
  128  17:52  Drone x3, Hatchery  
  128  17:54  Mutalisk x4, Extractor  
  137  18:02  Extractor  
  137  18:04  Drone x2  
  137  18:05  Drone  
  139  18:07  Extractor  
  139  18:08  Ravager  
  139  18:12  Queen  
  139  18:14  Ravager x3  
  139  18:15  Ravager x4  
  139  18:19  Mutalisk x2, Hydralisk x4  
  154  18:20  Hydralisk x2  
  154  18:26  Drone x3  
  168  18:27  Drone  
  168  18:29  Drone x2  
  170  18:39  Zergling x2  
  170  18:40  Zergling x6  
  174  18:42  Baneling x3  
  174  18:43  Baneling x7  
  174  18:46  Centrifugal Hooks  
  174  18:48  Queen  
  174  18:49  Roach x12  
  200  19:10  Evolution Chamber  
  200  19:11  Evolution Chamber  
  127  20:04  Roach x15  
  127  20:05  Roach x15  
  148  20:21  Drone  
  148  20:22  Roach  
  148  20:23  Roach x3  
  155  20:36  Roach x9  
  167  21:02  Hatchery  
  165  21:10  Hatchery  
  164  21:12  Mutalisk x6  
  164  21:13  Mutalisk x2  
  103  22:17  Spawning Pool  
  102  22:37  Roach x2  
  102  22:38  Roach x4  
  114  22:47  Hatchery  
  114  22:58  Drone x7  
  114  22:59  Drone  
  119  23:07  Drone x3, Extractor  
  118  23:37  Drone x3  
  118  23:38  Drone x5  
  118  23:40  Queen  
  118  23:41  Extractor, Drone  
  127  23:42  Drone x2  
  127  23:43  Drone x2, Extractor  
  131  23:49  Queen  
  133  24:20  Hydralisk Den  
  133  24:24  Baneling Nest  
  131  24:27  Zergling x2  
  131  24:28  Zergling x32  
  131  24:29  Zergling x6  
  132  24:43  Zergling x2  
  132  24:44  Zergling x18  
  142  25:03  Baneling  
  142  25:04  Baneling x12  
  142  25:05  Baneling x2  
  142  25:07  Baneling  
  142  25:08  Baneling x2  
  142  25:16  Hatchery  
  141  25:22  Drone x6  
Show
View Real Time Build Order
Export as new Build Order

Cocotte Terran 

Build Orders:  

Get SALT Encoding   

  12  0:01  SCV  
  13  0:18  Supply Depot, SCV  
  14  0:42  Barracks  
  14  0:48  Barracks  
  14  0:54  SCV  
  15  1:06  SCV  
  15  1:10  Barracks  
  16  1:20  SCV  
  17  1:30  Supply Depot  
  17  1:31  Marine  
  18  1:36  Marine  
  19  1:53  Bunker x2  
  19  1:55  Marine  
  19  1:58  Marine  
  21  2:07  Bunker  
  21  2:13  Marine  
  22  2:20  Marine  
  23  2:24  Refinery  
  23  2:34  Marine  
  24  2:40  Orbital Command  
  24  2:48  Marine  
  25  2:54  Marine  
  26  3:02  Refinery  
  26  3:07  Marine  
  27  3:20  SCV  
  27  3:25  Barracks Tech Lab  
  28  3:46  Factory  
  28  3:55  Marauder  
  29  4:00  Bunker  
  29  4:02  Bunker  
  27  4:10  Bunker  
  25  4:28  SCV, Marauder  
  25  4:31  Factory Tech Lab  
  27  4:51  Siege Tank, Command Center  
  30  5:04  Stimpack  
  30  5:11  SCV  
  31  5:17  Barracks Reactor  
  30  5:34  SCV  
  31  5:35  Starport  
  31  5:47  Supply Depot  
  31  5:49  Supply Depot  
  31  6:03  Widow Mine, SCV  
  34  6:04  Barracks Reactor  
  34  6:15  SCV  
  35  6:20  Starport Tech Lab  
  35  6:23  Barracks  
  35  6:27  SCV  
  36  6:45  Banshee  
  39  6:48  Siege Tank  
  39  6:53  SCV  
  43  7:02  Marine x2  
  43  7:05  Marauder  
  43  7:07  SCV  
  48  7:17  Orbital Command  
  46  7:45  Marauder  
  46  7:46  Marine x4  
  52  8:11  Marine x2  
  52  8:12  Marine x2  
  55  8:13  Marauder  
  55  8:16  Combat Shield  
  55  8:18  SCV  
  59  8:31  Orbital Command, Marine x2  
  59  8:32  Marine  
  62  8:36  Supply Depot  
  62  8:37  Supply Depot  
  62  8:57  Marine  
  63  9:06  SCV  
  63  9:08  SCV  
  65  9:16  Command Center  
  62  9:18  SCV  
  62  9:20  SCV  
  64  9:31  SCV  
  65  9:33  SCV  
  65  9:34  Bunker, Supply Depot  
  65  9:35  Barracks x2, Supply Depot  
  65  9:38  Engineering Bay  
  66  9:39  Marine x2, Marauder x2, Engineering Bay  
  66  9:43  SCV  
  66  9:45  SCV  
  74  9:47  Supply Depot, Refinery  
  74  9:49  Medivac x2  
  78  9:55  Supply Depot  
  78  9:56  Supply Depot  
  78  9:57  Marine  
  78  9:58  SCV x2  
  81  10:18  SCV  
  81  10:20  SCV  
  83  10:22  Refinery  
  83  10:23  Medivac x2  
  87  10:30  SCV  
  87  10:32  SCV  
  87  10:34  Barracks Reactor x2, Fusion Core  
  89  10:42  Orbital Command, SCV  
  90  10:43  Barracks  
  90  10:49  SCV  
  91  10:53  Terran Infantry Weapons Level 1  
  91  10:54  SCV  
  92  11:00  Armory  
  92  11:02  Terran Infantry Armor Level 1  
  92  11:12  Marine x3  
  92  11:13  Marauder  
  97  11:35  Marine  
  97  11:36  Marine x5  
  103  11:41  Barracks Tech Lab  
  103  11:48  Siege Tank  
  103  11:49  Liberator x2  
  112  11:57  Missile Turret  
  112  11:58  Missile Turret  
  112  12:02  Missile Turret x2  
  84  12:38  Marine x4  
  84  12:39  Marine x5  
  83  12:56  Marine x5  
  83  12:57  Marine x4  
  90  13:14  Marine  
  90  13:17  Marine x4  
  90  13:18  Marine x4  
  99  13:40  Marine x2  
  99  13:41  Marine x6  
  96  13:54  Marine  
  97  13:59  Marauder  
  97  14:00  Marauder  
  100  14:12  Marauder  
  97  14:21  Marauder  
  99  14:33  Marine x8  
  107  14:42  Marine  
  108  14:51  Marine x6  
  108  14:52  Marauder  
  114  15:14  Siege Tank  
  114  15:16  Marine x2  
  94  15:36  Orbital Command  
  94  15:43  Marine x2  
  94  15:44  Marine x5  
  94  15:46  Siege Tank  
  96  16:38  Marine x4  
  94  16:43  Orbital Command  
  66  17:16  Marine x7  
  66  17:17  Marine x2  
  66  17:19  Terran Infantry Weapons Level 2, Terran Infantry Armor Level 2  
  75  17:28  SCV x2  
  75  17:29  SCV  
  78  17:33  Siege Tank, Marine  
  78  17:35  Marine x3  
  85  17:44  Caduceus Reactor  
  85  17:45  SCV  
  85  17:47  Refinery  
  85  17:49  Refinery  
  86  17:54  Medivac x2  
  86  17:55  Marine x3  
  86  17:56  Marine x5  
  98  18:14  SCV  
  99  18:26  SCV  
  100  18:38  Terran Vehicle Weapons Level 1  
  100  18:43  SCV x3  
  103  18:49  Marine x4  
  103  18:50  Marine x4  
  103  18:55  SCV x2  
  112  18:56  SCV  
  114  19:07  SCV  
  114  19:08  SCV  
  116  19:10  Marine x2  
  116  19:11  Marine x7  
  125  19:28  Marine x2  
  125  19:29  Marauder x3, Marine x2  
  102  19:51  Marauder x3  
  87  20:12  Marauder x3  
  93  20:18  Marine x2  
  93  20:19  Marine x3  
  98  20:33  Marauder x3  
  82  21:24  Marine x4  
  82  21:25  Marauder x3, Marine x2  
  94  21:35  Orbital Command  
  66  22:29  Marine x6  
  66  22:39  Marine  
  66  22:40  Marine  
  61  22:51  Marine x2  
  61  22:55  Marine  
  62  23:20  Terran Vehicle Weapons Level 2  
  62  23:23  Raven  
  64  23:34  SCV  
  65  23:46  SCV  
  66  23:51  Marine x5  
  66  23:52  Marine x5  
  76  23:57  Raven  
  76  24:01  Sensor Tower  
  78  24:05  SCV x2  
  80  24:24  Command Center  
  80  24:27  SCV x2  
  77  24:55  Raven  
  77  24:58  SCV x2  
  81  25:10  SCV x2  
  81  25:11  Refinery  
  81  25:13  Ghost Academy  
  83  25:22  SCV  
  83  25:27  Refinery  
Tags
 
Composition
Swarm Host
Matchup
TvZ
Replay Pack
Multiplayer
Spawn Locations
Cross Positions
Add a new tag
Caveats
  • Supply blocks, unpowered buildings, or Contaminate may cause inaccurate times.
  • Supply counts are checked every 10 seconds.